 Dungeon Crawl Stone Soup version 0.21.1 (webtiles) character file.

142 Mesmaeker13 the Charmwright (level 4, -2/37 HPs)
             Began as a Demigod Skald on Feb 3, 2018.
             Slain by Grinder (6 damage)
             ... on level 3 of the Dungeon.
             The game lasted 00:06:42 (3064 turns).

Mesmaeker13 the Charmwright (Demigod Skald)         Turns: 3064, Time: 00:06:42

Health: -2/37      AC:  4    Str: 16    XL:     4   Next: 74%
Magic:  1/9        EV: 12    Int: 17    God:
Gold:   183        SH:  0    Dex: 15    Spells: 3/6 levels left

rFire    + . .     SeeInvis .   a - +0 falchion
rCold    + . .     Gourm    .   (no shield)
rNeg     . . .     Faith    .   f - +1 leather armour {rF+}
rPois    +         Spirit   .   (no helmet)
rElec    .         Reflect  .   (no cloak)
rCorr    .         Harm     .   (no gloves)
MR       .....                  (no boots)
Stlth    +.........             (no amulet)
HPRegen  0.12/turn              p - ring of poison resistance
MPRegen  0.11/turn              n - ring of protection from cold

@: infused, drained
A: high mp 1
a: no special abilities


You were on level 3 of the Dungeon.
You were not hungry.

You visited 1 branch of the dungeon, and saw 4 of its levels.

You collected 183 gold pieces.

Inventory:

Hand Weapons
 a - a +0 falchion (weapon)
 e - a +0 mace of draining
Missiles
 j - 4 curare-tipped needles
Armour
 f - a +1 leather armour of fire resistance (worn)
 m - a +0 scale mail
Jewellery
 g - an uncursed ring of magical power
 n - a ring of protection from cold (right hand)
 p - a ring of poison resistance (left hand)
Scrolls
 h - 2 scrolls of amnesia
 k - 3 scrolls of remove curse
 l - a scroll of immolation
 o - a scroll of enchant weapon {unknown}
Potions
 i - a potion of flight {unknown}
Books
 c - a book of Battle

   Spells                             Type                      Level
   a - Infusion                       Charms                       1
   b - Shroud of Golubria             Charms/Translocation         2
   c - Song of Slaying                Charms                       2
   d - Spectral Weapon                Hexes/Charms                 3
   e - Regeneration                   Charms/Necromancy            3
Comestibles
 d - 5 rations


   Skills:
 + Level 2.8(2.6) Fighting
 + Level 2.8(2.6) Long Blades
 + Level 1.9(1.8) Armour
 - Level 2.1(1.9) Dodging
 - Level 1.7(1.5) Spellcasting
 + Level 3.4(3.2) Charms


You had 3 spell levels left.
You knew the following spells:

 Your Spells              Type           Power        Failure   Level  Hunger
a - Infusion              Chrm           ##..         6%          1    ##.....
b - Shroud of Golubria    Chrm/Tloc      #.........   19%         2    ###....


Dungeon Overview and Level Annotations

Branches:
Dungeon (4/15)
 Temple: D:4-7

Annotations:
D:2 1 runed door
D:3 Grinder


Innate Abilities, Weirdness & Mutations

You have an increased reservoir of magic. (+10% MP)


Message History

Grinder completely misses you.
Grinder says, "You look like you could use a good racking."
Grinder hits you!
You writhe in agony.
You barely miss Grinder.
Grinder is heavily wounded.
Grinder hits you but does no damage.
You closely miss Grinder.
Grinder is heavily wounded.
Grinder hits you.
You writhe in agony.
Casting: Infusion
Confirm with . or Enter, or press ? or * to list all spells.
You extend your infusion's duration.
Grinder hits you. Grinder hits you!
* * * LOW HITPOINT WARNING * * *
You writhe in agony.
* * * LOW HITPOINT WARNING * * *
Your leather armour prevents you from hitting Grinder.
Grinder is moderately wounded.
Grinder hits you.
You die...

#..$.##.# #.# #.#
#...###.########.### #.#
#..................# #.#
#######..#...###.#.# #.#
##########.#.(...#.#.####.#
.....5...................>)
###....###....#.####.####.
###....###........#.......
.........5@......#.#..###..
##########.........#.......
###......#.......###.
#........#.#(#...###.
#.#.#..#.).#.((......
#.#.#..#.###.#...####
#.#.#........#.......
#.#.#.###.####(.#####
####.#.#................


You could see Grinder.

Vanquished Creatures
  A crimson imp (D:2)
  An orc wizard (D:3)
  2 adders
  2 worms (D:2)
  2 leopard geckos
  4 orcs
  A ball python (D:3)
  4 bats
  A giant cockroach (D:1)
  7 goblins
  9 hobgoblins
  6 kobolds
  2 quokkas
  2 frilled lizards
  6 rats
50 creatures vanquished.

Notes
Turn   | Place    | Note
-------+----------+-------------------------------------------
     0 | D:1      | Mesmaeker13 the Demigod Skald began the quest for the Orb.
     0 | D:1      | Reached XP level 1. HP: 17/17 MP: 5/5
   464 | D:1      | Reached XP level 2. HP: 20/24 MP: 7/7
   992 | D:2      | Reached skill level 3 in Charms
  1001 | D:2      | Reached skill level 1 in Armour
  1139 | D:2      | Reached XP level 3. HP: 11/29 MP: 8/8
  1370 | D:2      | Found a runed door.
  1438 | D:2      | Learned a level 2 spell: Shroud of Golubria
  1831 | D:2      | Reached XP level 4. HP: 32/37 MP: 9/9
  1913 | D:3      | Noticed Grinder
  2755 | D:4      | Noticed an orc warrior
  2784 | D:4      | Noticed a phantom
  3064 | D:3      | Slain by Grinder

Skill      XL: |  1  2 |
---------------+-------+-----
Fighting       | 2 |  2.8
Long Blades    | 2 |  2.8
Dodging        | 2 |  2.1
Charms         | 3 |  3.4
Armour         | 1 |  1.9
Spellcasting   | |  1.7

Action                   |  1- 3 |  4- 6 || total
-------------------------+-------+-------++-------
Melee: Falchion          |   126 |    74 ||   200
 Cast: Infusion          |    12 |    10 ||    22
       Shroud of Golubri |       |     2 ||     2
  Use: Scroll            |     2 |     2 ||     4
       Potion            |       |     1 ||     1
  Eat: Chunk             |     2 |     3 ||     5
       Ration            |       |     1 ||     1
Armor: Leather armour    |    10 |    12 ||    22
       Scale mail        |    35 |    18 ||    53
Dodge: Dodged            |    81 |    49 ||   130
       Rpst.: Falchion   |    20 |    10 ||    30
